 Dungeon Crawl Stone Soup version 0.19.1 (webtiles) character file.

2830 sveltemanboy the Basher (level 9, 0/84 HPs)
             Began as an Ogre Berserker on Nov 28, 2016.
             Was a Priest of Trog.
             Slain by an enormous slime creature (50 damage)
             ... on level 7 of the Dungeon.
             The game lasted 00:14:07 (6412 turns).

sveltemanboy the Basher (Ogre Berserker)            Turns: 6412, Time: 00:14:07

Health: 0/84       AC: 12    Str: 26    XL:     9   Next: 73%
Magic:  9/9        EV:  9    Int:  6    God:    Trog [***...]
Gold:   254        SH:  0    Dex: 13    Spells: 0 memorised, 8 levels left

rFire  . . .     SeeInvis .     b - +0 giant club
rCold  . . .     Gourm    .     g - +0 storm dragon scales
rNeg   . . .     Faith    .     (shield currently unavailable)
rPois  .         Spirit   .     (helmet restricted)
rElec  +         Reflect  .     (no cloak)
rCorr  .         Harm     .     (gloves unavailable)
MR     .....                    (boots unavailable)
Stlth  ..........               (no amulet)
                                (no ring)
                                v - +3 ring of dexterity

@: no status effects
A: unfitting armour, tough skin 1
a: Berserk, Trog's Hand, Burn Spellbooks, Renounce Religion


You were on level 7 of the Dungeon.
You worshipped Trog.
Trog was most pleased with you.
You were not hungry.

You visited 1 branch of the dungeon, and saw 7 of its levels.

You collected 254 gold pieces.

Inventory:

Hand Weapons
 a - a +1 whip of freezing
 b - a +0 giant club (weapon)
Missiles
 H - 4 tomahawks (quivered)
Armour
 g - +0 storm dragon scales (worn)
Jewellery
 v - a +3 ring of dexterity (left hand)
Wands
 t - a wand of polymorph (15/24)
 w - a wand of lightning (3/15)
 B - a wand of slowing (22/48)
Scrolls
 e - 2 scrolls of fear {unknown}
 f - a scroll of recharging {unknown}
 h - 3 scrolls of teleportation {unknown}
 i - 7 scrolls of identify {unknown}
 k - 2 scrolls of amnesia {unknown}
 o - 3 scrolls of immolation {unknown}
 p - a scroll of fog {unknown}
 q - 3 scrolls of remove curse {unknown}
 s - 3 scrolls of enchant weapon {unknown}
 x - a scroll of blinking {unknown}
 J - a scroll of random uselessness {unknown}
Potions
 d - 6 potions of curing {unknown}
 l - 2 potions of berserk rage {unknown}
 m - 3 potions of magic {unknown}
 n - a potion of brilliance {unknown}
 r - a potion of haste {unknown}
 z - a potion of agility {unknown}
 A - 2 potions of ambrosia {unknown}
 D - a potion of lignification {unknown}
 G - a potion of flight {unknown}
 I - a potion of might {unknown}
 K - a potion of mutation {unknown}
Books
 F - a book of Callings

   Spells                             Type                      Level
   a - Summon Small Mammal            Summoning                    1
   b - Call Imp                       Summoning                    2
   c - Call Canine Familiar           Summoning                    3
   d - Summon Guardian Golem          Hexes/Summoning              3
   e - Summon Lightning Spire         Summoning/Air                4
   f - Summon Ice Beast               Ice/Summoning                4
   Trog disapproves of the use of such an item.
Comestibles
 c - 3 bread rations
 j - 2 beef jerkies
 u - 3 meat rations
 C - a slice of pizza
 E - 3 chunks of flesh


   Skills:
 - Level 4.0 Fighting
 * Level 13.9 Maces & Flails
 - Level 1.0 Throwing
 + Level 4.1 Armour
 + Level 5.4 Dodging


You had 8 spell levels left.
You didn't know any spells.

Dungeon Overview and Level Annotations

Branches:
Dungeon (7/15)             Temple (0/1) D:4

Altars:
Dithmenos
Elyvilon
Fedhas
Hepliaklqana
Kikubaaqudgha
Makhleb
Nemelex Xobeh
Qazlal
Ru
Sif Muna
Vehumet
The Shining One

Shops:
D:7 (


Innate Abilities, Weirdness & Mutations

You are too large for most types of armour.
You have tough skin. (AC +1)


Message History

You sock the enormous slime creature!
The enormous slime creature is lightly wounded.
The enormous slime creature hits you!!!
Okay, then.
Drop what? 37/52 slots (_ for help) (? for menu, Esc to quit)
You drop a book of Cantrips.
An enormous slime creature splits.
Two slime creatures merge to form an enormous slime creature.
The spellbook bursts into flames.
Trog is delighted!
You flatten the enormous slime creature like a pancake!!!
The enormous slime creature is moderately wounded.
You sock the enormous slime creature!
The enormous slime creature is moderately wounded.
The enormous slime creature is engulfed in roaring flames.
The enormous slime creature hits you.
You barely miss the enormous slime creature.
The enormous slime creature is moderately wounded.
The enormous slime creature is engulfed in roaring flames.
The enormous slime creature hits you!!!
Ouch! That really hurt!
You die...

#...#.#.......###.# #.#
##.##...######.#.## .>. #.######
##.## #.# ##'## ####.#### #.#
#...## #.......# #.# .....##
##.##.##.# #.#### ......##
#...#.##.# #.##.##
.......####.....##.####.....####.
.......'........@J.............'.
......<####...####.#####....####.
......## ##.#####.# #.#.##
.....## #..>....# #.### #...##
#.####### #.# ##'## #...# #.# #.#
###.# ... #.# #.# .#. ##.## #.# .
.


You could see an enormous slime creature.

Vanquished Creatures
  Pikel (D:4)
  The ghost of feelmyfire the Basher, a novice DrCK of Xom (D:5)
  The ghost of Zebulonius the Cleaver, an amateur MiBe of Trog (D:4)
  3 ice beasts
  A necrophage (D:5)
  2 phantoms (D:5)
  A slave (D:4)
  An ogre (D:4)
  5 bullfrogs
  The ghost of dscm the Shield-Bearer, a weakling FoFi of Okawaru (D:3)
  5 killer bees (D:7)
  A vampire bat (D:5)
  4 crimson imps
  2 orc priests
  A centaur skeleton (D:7)
  A hound (D:4)
  An iguana (D:7)
  An orc wizard (D:7)
  5 worker ants
  A hound zombie (D:7)
  A worker ant zombie (D:6)
  10 adders
  An adder skeleton (D:7)
  4 worms
  3 dart slugs
  2 leopard geckos
  5 orcs
  4 bat skeletons (D:5)
  A bat zombie (D:5)
  6 giant cockroaches
  5 goblins
  5 hobgoblins
  2 jackals (D:7)
  9 kobolds
  3 quokkas
  3 ball pythons (D:2)
  5 bats
  2 frilled lizards (D:2)
  A jackal skeleton (D:6)
  2 rats (D:1)
  A plant (D:1)
114 creatures vanquished.

Vanquished Creatures (others)
  A slave (D:4)
  A fungus (D:3)
2 creatures vanquished.

Grand Total: 116 creatures vanquished

Notes
Turn   | Place    | Note
-------+----------+-------------------------------------------
     0 | D:1      | sveltemanboy the Ogre Berserker began the quest for the Orb.
     0 | D:1      | Reached XP level 1. HP: 24/24 MP: 1/1
   137 | D:1      | Reached XP level 2. HP: 32/32 MP: 2/2
   489 | D:1      | Reached skill level 5 in Maces & Flails
   751 | D:1      | Reached XP level 3. HP: 39/39 MP: 3/3
  1297 | D:2      | Reached skill level 1 in Throwing
  1378 | D:2      | Found a hazy altar of Hepliaklqana.
  1665 | D:2      | Reached skill level 6 in Maces & Flails
  1665 | D:2      | Reached XP level 4. HP: 48/48 MP: 4/4
  1825 | D:2      | Reached ** piety under Trog
  2394 | D:3      | Found a sparkling altar of Nemelex Xobeh.
  2675 | D:3      | Noticed dscm's ghost (weakling FoFi)
  2679 | D:3      | Killed dscm's ghost
  2679 | D:3      | Reached skill level 7 in Maces & Flails
  2679 | D:3      | Reached XP level 5. HP: 54/54 MP: 5/5
  2756 | D:3      | Found a blossoming altar of Fedhas.
  3323 | D:4      | Noticed a slave
  3324 | D:4      | Noticed Pikel
  3324 | D:4      | Noticed a slave
  3342 | D:4      | Killed a slave
  3350 | D:4      | Killed Pikel
  3350 | D:4      | Reached skill level 10 in Maces & Flails
  3350 | D:4      | Reached XP level 6. HP: 49/62 MP: 6/6
  3350 | D:4      | Reached XP level 7. HP: 56/70 MP: 7/7
  3612 | D:4      | Reached skill level 11 in Maces & Flails
  3666 | D:4      | Found a staircase to the Ecumenical Temple.
  3689 | D:4      | Noticed Zebulonius's ghost (amateur MiBe)
  3701 | D:4      | Killed Zebulonius's ghost
  3701 | D:4      | Reached skill level 1 in Armour
  3701 | D:4      | Reached XP level 8. HP: 78/78 MP: 8/8
  3739 | D:4      | Found a stormy altar of Qazlal.
  3851 | D:5      | Entered Level 5 of the Dungeon
  4162 | D:5      | Found a radiant altar of Vehumet.
  4162 | D:5      | Found a burning altar of Makhleb.
  4468 | D:5      | Found an ancient bone altar of Kikubaaqudgha.
  4479 | D:5      | Reached skill level 12 in Maces & Flails
  4623 | D:5      | Noticed feelmyfire's ghost (novice DrCK)
  4632 | D:5      | Killed feelmyfire's ghost
  4638 | D:5      | Reached XP level 9. HP: 84/84 MP: 0/9
  4687 | D:5      | Reached *** piety under Trog
  4700 | D:5      | Reached skill level 13 in Maces & Flails
  4974 | D:6      | Found a white marble altar of Elyvilon.
  4974 | D:6      | Found a deep blue altar of Sif Muna.
  5222 | D:6      | Reached skill level 5 in Dodging
  5443 | D:6      | Found a shadowy altar of Dithmenos.
  6030 | D:7      | Found a sacrificial altar of Ru.
  6057 | D:7      | Found a glowing golden altar of the Shining One.
  6289 | D:7      | Found Jemu's Antique Weapon Emporium.
  6412 | D:7      | Slain by an enormous slime creature

Skill      XL: |  1  2  3  4  5  6  7  8  9 |
---------------+----------------------------+-----
Maces & Flails | 5 6 7 10 11 12 13 | 13.9
Throwing       | 1 |  1.0
Armour         | 1 3 4 |  4.1
Dodging        | 3 4 5 |  5.4
Fighting       | |  4.0

Action                   |  1- 3 |  4- 6 |  7- 9 || total
-------------------------+-------+-------+-------++-------
Melee: Mace              |   136 |    93 |       ||   229
       Unarmed           |       |     3 |       ||     3
       Whip              |       |       |   257 ||   257
       Giant club        |       |       |    32 ||    32
Throw: Stone             |     9 |    24 |       ||    33
Invok: Berserk           |       |     1 |     2 ||     3
       Burn Spellbooks   |       |       |     1 ||     1
Evoke: Wand              |       |     2 |       ||     2
 Stab: Sleeping          |       |     1 |       ||     1
  Eat: Chunk             |     3 |     5 |    12 ||    20
Armor: Animal skin       |    29 |    20 |    10 ||    59
       Storm dragon scal |       |       |    56 ||    56
Dodge: Dodged            |    48 |    41 |    73 ||   162
